 Dungeon Crawl Stone Soup version 0.20.1-1-g8b1a95d (webtiles) character file.

69539 equalderp2856 the Bewitcher (level 14, 0/60 HPs)
             Began as a Felid Fighter on Aug 27, 2017.
             Slain by a naga mage
             ... wielding a +0 flail
              (2 damage)
             ... on level 3 of the Lair of Beasts on Aug 28, 2017.
             The game lasted 04:25:16 (81534 turns).

equalderp2856 the Bewitcher (Felid Fighter)        Turns: 81534, Time: 04:25:17

Health: 0/60       AC:  3    Str: 12    XL:     14   Next: 90%
Magic:  0/31       EV: 22    Int: 15    God:
Gold:   2561       SH:  0    Dex: 17    Spells: 16/38 levels left
                                        Lives:  0   Deaths: 5

rFire    . . .     SeeInvis +     - Unarmed
rCold    + . .     Gourm    .   (shield unavailable)
rNeg     . . .     Faith    .   (armour unavailable)
rPois    .         Spirit   +   (helmet unavailable)
rElec    .         Reflect  .   (cloak unavailable)
rCorr    +         Harm     .   (gloves unavailable)
MR       +++..                  (boots unavailable)
Stlth    ++++++....             x - amulet of guardian spirit
Regen    0.2/turn               d - ring of protection from magic
MPRegen  0.3/turn               e - ring of resist corrosion

@: lethally poisoned (0 -> -3), constricted, studying Ice Magic, quick
A: no armour, no weapons or thrown items, stealth, claws 1, fangs 3, see
invisible, carnivore 3, speed 1, shaggy fur 3, slow metabolism 1, sharp paws
a: no special abilities


You were on level 3 of the Lair of Beasts.
You were not hungry.

You visited 5 branches of the dungeon, and saw 26 of its levels.
You also visited: Ice Cave.

You collected 2838 gold pieces.
You spent 277 gold pieces at shops.

Inventory:

Jewellery
 d - a ring of protection from magic (left paw)
 e - a ring of resist corrosion (right paw)
 u - a cursed amulet of regeneration {unknown}
 x - an amulet of guardian spirit (around neck)
 A - an uncursed ring of fire
 I - an uncursed amulet of magic regeneration
 K - an uncursed ring of fire
 R - an uncursed ring of ice
 U - an uncursed amulet of faith
Wands
 k - a wand of iceblast (5/15)
 p - a wand of acid (7/15)
 r - a wand of iceblast (5/15)
 E - a wand of acid (8/15)
 J - a wand of flame (11/48)
 N - a wand of lightning (8/15)
 O - a wand of lightning (5/15)
 T - a wand of polymorph (10/24)
 X - a wand of disintegration (5/24)
 Y - a wand of confusion (31/48)
Scrolls
 f - 5 scrolls of amnesia
 h - 4 scrolls of remove curse
 q - a scroll of teleportation
 s - a scroll of recharging
 w - 4 scrolls of identify
 L - 5 scrolls of magic mapping
Potions
 a - 5 potions of might
 g - 3 potions of resistance
 j - 6 potions of agility
 l - 2 potions of curing
 m - 2 potions of invisibility
 n - 3 potions of brilliance
 o - a potion of cancellation
 t - 4 potions of flight
 v - 2 potions of magic
 z - a potion of ambrosia
 B - 3 potions of lignification
 P - 2 potions of haste
 S - 2 potions of berserk rage
Books
 y - a book of Maledictions

   Spells                             Type                      Level
   a - Corona                         Hexes                        1
   b - Ensorcelled Hibernation        Hexes/Ice                    2
   c - Confuse                        Hexes                        3
   d - Tukima's Dance                 Hexes                        3
   e - Dazzling Spray                 Conjuration/Hexes            3
 D - a book of Frost

   Spells                             Type                      Level
   a - Freeze                         Ice                          1
   b - Throw Frost                    Conjuration/Ice              2
   c - Ozocubu's Armour               Charms/Ice                   3
   d - Throw Icicle                   Conjuration/Ice              4
   e - Summon Ice Beast               Ice/Summoning                4
 F - a manual of Ice Magic
 H - a book of Callings

   Spells                             Type                      Level
   a - Summon Small Mammal            Summoning                    1
   b - Call Imp                       Summoning                    2
   c - Call Canine Familiar           Summoning                    3
   d - Summon Guardian Golem          Hexes/Summoning              3
   e - Summon Lightning Spire         Summoning/Air                4
   f - Summon Ice Beast               Ice/Summoning                4
 M - the Compendium of the Toxic Escort
   (You acquired it on level 1 of the Lair of Beasts)

   Spells                             Type                      Level
   a - Ignite Poison                  Fire/Transmutation/Poison    3
   b - Recall                         Summoning/Translocation      3
   c - Spider Form                    Transmutation/Poison         3
   d - Alistair's Intoxication        Transmutation/Poison         5
   e - Spellforged Servitor           Conjuration/Summoning        7
 Q - a book of Minor Magic

   Spells                             Type                      Level
   a - Magic Dart                     Conjuration                  1
   b - Blink                          Translocation                2
   c - Call Imp                       Summoning                    2
   d - Slow                           Hexes                        2
   e - Conjure Flame                  Conjuration/Fire             3
   f - Mephitic Cloud                 Conjuration/Poison/Air       3
Miscellaneous
 c - a lightning rod (4/4)
 G - a lamp of fire
Comestibles
 b - 14 meat rations
 C - 28 royal jellies


   Skills:
 * Level 6.4 Fighting
 - Level 9.4 Dodging
 - Level 15.1 Stealth
 - Level 13.5 Unarmed Combat
 - Level 12.6 Spellcasting
 - Level 8.0 Conjurations
 - Level 17.0 Hexes
 - Level 8.1 Charms
 + Level 0.6 Summonings
 * Level 2.4 Translocations
 - Level 11.1 Ice Magic
 - Level 8.9 Evocations


You had 16 spell levels left.
You knew the following spells:

 Your Spells              Type           Power        Failure   Level  Hunger
a - Corona                Hex            ######.      0%          1    None
b - Confuse               Hex            ######..     1%          3    None
c - Ensorcelled Hibernat  Hex/Ice        ######       1%          2    None
d - Throw Icicle          Conj/Ice       #####...     1%          4    ###....
e - Ozocubu's Armour      Chrm/Ice       #####...     1%          3    None
f - Dazzling Spray        Conj/Hex       #####.       1%          3    None
g - Summon Ice Beast      Ice/Summ       ####....     7%          4    ###....
h - Blink                 Tloc           N/A          4%          2    None


Dungeon Overview and Level Annotations

Branches:
Dungeon (15/15)            Temple (0/1) D:4            Lair (6/6) D:10
 Shoals (2/4) Lair:3        Snake (1/4) Lair:3        Slime (0/5) Lair:6
    Orc (2/2) D:11            Elf (0/3) Orc:2        Vaults (0/5) D:14
 Depths (0/5) D:15

Altars:
Fedhas
Gozag
Hepliaklqana
Kikubaaqudgha
Nemelex Xobeh
Trog
Uskayaw
Beogh

Shops:
D:5 !   Orc:1 *   Orc:2 }[(*   Snake:1 :(%

Annotations:
D:3 Mesmaeker13's ghost, amateur DrSk
D:8 exclusions: plant and 1 more exclusion
D:12 1 runed door, exclusion: orange crystal statue
Lair:2 Aizul
Lair:6 1 runed door
Snake:1 exclusion: Roxanne, Frances; Roxanne


Innate Abilities, Weirdness & Mutations

You cannot wear armour.
You are incapable of wielding weapons or throwing items.
Your paws allow you to move quietly. (Stealth)
You have sharp claws.
You have razor-sharp teeth.
You have supernaturally acute eyesight. (SInv)
You are carnivorous and can eat meat at any time.
You cover ground quickly.
Your thick and shaggy fur keeps you warm. (AC +3, rC+)
You have a slow metabolism.
Your sharp claws are effective at attacking unaware monsters.


Message History

Casting: Ensorcelled Hibernation
Confirm with . or Enter, or press ? or * to list all spells.
Aiming: Ensorcelled Hibernation
Press: ? - help, Shift-Dir - straight line, f - naga mage
Aim: a naga mage, wielding a flail (constricting you, fast, chance to defeat MR: 37%)
The naga mage easily resists.
* * * LOW HITPOINT WARNING * * *
You feel sick. The naga mage spits poison at you.
The splash of poison hits you!
You are more poisoned.
* * * LOW HITPOINT WARNING * * *
x2 The naga mage constricts you.
You feel better. The naga mage spits poison at you.
The splash of poison hits you!
You are poisoned.
* * * LOW HITPOINT WARNING * * *
x2 The naga mage constricts you.
The naga mage hits you with a flail.
You die...

..)..## #..# .....# ###
##(## .....##
####≈#####(P# ......#
####≈≈≈≈≈≈.##(.# .)...P#
#P#≈≈≈≈≈≈≈≈..#.##
.....#####..≈≈≈[..≈≈≈...P#
......#...[≈≈≈.....≈≈≈..##
...........≈≈≈≈[..≈.≈≈..##
......###..≈≈.P.@...≈≈...#
......# ##.≈≈≈†≈.N..≈≈.#.#
......# #.≈≈≈..P..≈≈≈..##
.....## ##.≈≈≈...≈≈≈≈###
.....# #..≈≈≈≈≈≈≈P≈≈#
.....## ##≈.≈≈≈≈≈.####
......# #P##≈##### ......#
###### .....##


You could see a naga mage.

Vanquished Creatures
  Rupert (Lair:3)
  An orc warlord (Orc:2)
  A stone giant (Orc:2)
  A dire elephant (Lair:3)
  Snorg (Lair:3)
  4 ogre magi
  Josephine (Lair:4)
  A merfolk impaler (Shoals:1)
  12 hydras
  21 two-headed ogres
  2 anacondas (Snake:1)
  3 catoblepae
  9 centaur warriors
  An alligator snapping turtle (Lair:3)
  2 merfolk avatars (Shoals:1)
  2 death knights (D:14)
  A merfolk aquamancer (Lair:3)
  A naga sharpshooter (Lair:3)
  2 tengu warriors (D:14)
  3 death yaks (Lair:5)
  A spriggan (Lair:1)
  A shock serpent (Snake:1)
  Sonja (Lair:3)
  4 skeletal warriors
  6 sea snakes
  A glowing orange brain (D:15)
  2 unseen horrors
  A necromancer (IceCv)
  A phantasmal warrior (D:14)
  8 harpies (Shoals:1)
  2 orc knights (D:14)
  2 lindwurms (Lair:6)
  6 orc sorcerers
  Pikel (D:8)
  10 fauns
  2 wolf spiders
  2 mana vipers (Snake:1)
  5 cyclopes
  10 ugly things
  8 manticores
  A salamander (Lair:3)
  2 merfolk sirens (Shoals:1)
  10 elephants
  13 black mambas
  6 torpor snails (Lair:6)
  3 water nymphs (Shoals:1)
  An ice statue (IceCv)
  2 naga magi (Snake:1)
  14 spiny frogs
  4 centaur skeletons
  2 gargoyles
  7 rime drakes
  7 komodo dragons
  A kobold demonologist (D:15)
  An efreet (D:15)
  11 freezing wraiths
  2 tengu conjurers
  10 hornets
  11 polar bears
  A queen bee (shapeshifter) (D:15)
  4 trolls
  5 merfolk
  A wolf spider simulacrum (IceCv)
  7 dream sheep
  A wind drake (Shoals:1)
  27 hippogriffs
  3 tyrant leeches (Lair:6)
  3 raiju (Lair:6)
  15 slime creatures
  2 snapping turtles
  8 blink frogs
  A meliai zombie (D:14)
  A tarantella (shapeshifter) (D:15)
  9 wyverns
  A vampire (D:14)
  A water elemental (Shoals:1)
  10 wraiths
  7 basilisks
  35 yaks
  3 hungry ghosts
  3 vampire mosquitoes (D:15)
  8 wargs
  2 acid dragons
  9 nagas
  19 water moccasins
  A soldier ant (D:12)
  16 hell hounds
  6 porcupines
  29 orc warriors
  10 ice beasts
  25 ogres
  2 eyes of draining
  A necrophage (D:11)
  12 black bears
  6 sky beasts
  3 phantoms
  44 wolves
  28 centaurs
  4 big kobolds
  11 crocodiles
  18 bullfrogs
  A wyvern skeleton (D:14)
  4 scorpions
  2 scorpions (shapeshifter)
  An elephant simulacrum (IceCv)
  21 wights
  3 electric eels
  4 howler monkeys
  7 crimson imps
  A quasit (D:7)
  2 bullfrog zombies
  3 centaur zombies
  4 draconian simulacra (IceCv)
  9 jellies
  6 bullfrog skeletons
  9 orc priests
  6 hounds
  4 iguanas
  25 orc wizards
  6 troll simulacra (IceCv)
  11 worker ants
  5 hell rats (Lair:6)
  Terence (D:2)
  2 spriggan simulacra (IceCv)
  2 polar bear simulacra (IceCv)
  2 centaur simulacra (IceCv)
  A hound zombie (D:11)
  2 hound skeletons
  A worker ant zombie (D:5)
  Robin (D:2)
  10 gnolls
  3 naga simulacra (IceCv)
  3 ogre simulacra (IceCv)
  20 adders
  4 shadow imps
  12 white imps (IceCv)
  6 oozes
  2 adder zombies
  A worm (shapeshifter) (D:15)
  5 worms
  3 dart slugs
  4 leopard geckos
  97 orcs
  5 bats (D:1)
  6 giant cockroaches
  19 goblins
  11 hobgoblins
  6 jackals
  28 kobolds
  A quokka (D:2)
  2 ball pythons
  5 frilled lizards
  A jackal skeleton (D:5)
  A quokka skeleton (D:9)
  7 rats
  3 fungi (Lair:6)
  5 plants
1070 creatures vanquished.

Vanquished Creatures (collateral kills)
  A water elemental (Shoals:1)
1 creature vanquished.

Vanquished Creatures (others)
  An unseen horror (D:13)
  2 bushes (D:15)
  24 fungi
  28 plants
55 creatures vanquished.

Grand Total: 1126 creatures vanquished

Notes
Turn   | Place    | Note
-------+----------+-------------------------------------------
     0 | D:1      | equalderp2856 the Felid Fighter began the quest for the Orb.
     0 | D:1      | Reached XP level 1. HP: 10/10 MP: 2/2
   316 | D:1      | Reached XP level 2. HP: 14/14 MP: 3/3
  1045 | D:1      | Reached XP level 3. HP: 17/17 MP: 4/4
  1379 | D:2      | Found a hide-covered altar of Uskayaw.
  1960 | D:2      | Noticed Terence
  2002 | D:3      | Noticed Mesmaeker13's ghost (amateur DrSk)
  2007 | D:3      | Reached skill level 1 in Stealth
  2042 | D:4      | Reached skill level 5 in Unarmed Combat
  2042 | D:4      | Reached XP level 4. HP: 8/21 MP: 5/5
  2412 | D:4      | Reached XP level 5. HP: 20/24 MP: 6/6
  2687 | D:4      | Reached skill level 5 in Dodging
  2720 | D:4      | Found a staircase to the Ecumenical Temple.
  2739 | D:4      | Found a sparkling altar of Nemelex Xobeh.
  2777 | D:4      | Noticed a phantom
  3457 | D:2      | Noticed Robin
  4045 | D:4      | Noticed an ogre
  4253 | D:2      | Killed Terence
  4426 | D:2      | Killed Robin
  4426 | D:2      | Gained mutation: You are covered in thick fur. (AC +2) [Felid growth]
  4426 | D:2      | Reached XP level 6. HP: 15/28 MP: 7/7
  5848 | D:5      | Entered Level 5 of the Dungeon
  5975 | D:5      | Found Kilisy Tiddo's Distillery.
  6293 | D:5      | Reached skill level 5 in Stealth
  6293 | D:5      | Reached XP level 7. HP: 29/31 MP: 8/8
  6485 | D:5      | Found a hazy altar of Hepliaklqana.
  7459 | D:6      | Noticed a hippogriff
  7464 | D:6      | Killed a hippogriff
  7606 | D:6      | Reached XP level 8. HP: 36/36 MP: 9/9
  7983 | D:6      | Found a blossoming altar of Fedhas.
  8705 | D:7      | Noticed a hippogriff
 11071 | D:8      | Found a blossoming altar of Fedhas.
 11071 | D:8      | Found an ancient bone altar of Kikubaaqudgha.
 11097 | D:7      | Learned a level 1 spell: Corona
 11101 | D:7      | Learned a level 3 spell: Confuse
 11104 | D:7      | Learned a level 2 spell: Ensorcelled Hibernation
 11143 | D:8      | Reached skill level 1 in Hexes
 11193 | D:8      | Reached XP level 9. HP: 35/39 MP: 10/10
 11219 | D:8      | Reached skill level 1 in Spellcasting
 11230 | D:8      | Reached skill level 2 in Hexes
 11230 | D:8      | Reached skill level 1 in Ice Magic
 11549 | D:8      | Noticed Pikel
 12281 | D:7      | Slain by a wight
 12282 | D:7      | Reached XP level 8. HP: -1/36 MP: 12/12
 12302 | D:7      | Reached skill level 3 in Hexes
 12315 | D:7      | Slain by an ice beast
 12316 | D:7      | Reached XP level 7. HP: -2/33 MP: 0/11
 12864 | D:8      | Reached XP level 8. HP: 34/36 MP: 13/13
 13127 | D:8      | Noticed a hippogriff
 13153 | D:8      | Killed a hippogriff
 13153 | D:8      | Reached skill level 10 in Unarmed Combat
 13153 | D:8      | Reached skill level 4 in Hexes
 14266 | D:8      | Killed Pikel
 14266 | D:8      | Reached skill level 5 in Hexes
 14765 | D:8      | Reached XP level 9. HP: 39/39 MP: 12/15
 15265 | D:9      | Learned a level 4 spell: Throw Icicle
 15309 | D:9      | Reached skill level 6 in Hexes
 15892 | D:9      | Reached skill level 7 in Hexes
 16025 | D:9      | Found an opulent altar of Gozag.
 16728 | D:9      | Noticed a two-headed ogre
 16786 | D:9      | Killed a two-headed ogre
 16786 | D:9      | Reached skill level 5 in Spellcasting
 16786 | D:9      | Reached skill level 8 in Hexes
 16786 | D:9      | Reached XP level 10. HP: 43/43 MP: 6/19
 16979 | D:10     | Entered Level 10 of the Dungeon
 17081 | D:10     | Noticed a gargoyle
 17114 | D:10     | Killed a gargoyle
 17529 | D:10     | Found a staircase to the Lair.
 17581 | Lair:1   | Entered Level 1 of the Lair of Beasts
 17606 | Lair:1   | Noticed a spiny frog
 17812 | Lair:1   | Reached skill level 9 in Hexes
 18209 | Lair:1   | Killed a spiny frog
 18523 | Lair:1   | Noticed a spriggan rider
 18673 | Lair:1   | Noticed a black mamba
 19130 | D:10     | Reached skill level 5 in Ice Magic
 19130 | D:10     | Reached XP level 11. HP: 43/46 MP: 6/21
 19900 | D:11     | Reached skill level 10 in Hexes
 19956 | D:11     | Reached skill level 1 in Conjurations
 19974 | D:11     | Found a staircase to the Orcish Mines.
 19999 | D:11     | Noticed a two-headed ogre
 20007 | D:11     | Killed a two-headed ogre
 20007 | D:11     | Reached skill level 1 in Evocations
 20463 | Orc:1    | Entered Level 1 of the Orcish Mines
 20463 | Orc:1    | Noticed a two-headed ogre
 20467 | Orc:1    | Noticed an ogre mage
 20469 | Orc:1    | Noticed a two-headed ogre
 20517 | D:12     | Noticed a two-headed ogre
 20523 | D:12     | Killed a two-headed ogre
 20542 | D:12     | Noticed an unseen horror
 20577 | D:12     | Noticed a two-headed ogre
 20577 | D:12     | Noticed a six-headed hydra
 20643 | D:12     | Noticed a two-headed ogre
 20647 | D:12     | Killed a two-headed ogre
 20697 | D:12     | Noticed a brown ugly thing
 20783 | D:11     | Killed a brown ugly thing
 20995 | D:12     | Killed a two-headed ogre
 21002 | D:12     | Killed an unseen horror
 21103 | D:12     | Reached skill level 11 in Hexes
 21365 | D:12     | Found a runed door.
 21366 | D:12     | Noticed an orange crystal statue
 21366 | D:12     | Noticed a crystal guardian
 21415 | D:12     | Noticed a crystal guardian
 21516 | D:12     | Noticed a red ugly thing
 21585 | D:12     | Noticed a green ugly thing
 21586 | D:12     | Killed a red ugly thing
 21592 | D:12     | Killed a green ugly thing
 22081 | D:13     | Noticed a centaur warrior
 22088 | D:13     | Killed a centaur warrior
 22088 | D:13     | Reached skill level 10 in Stealth
 22088 | D:13     | Gained mutation: Your thick and shaggy fur keeps you warm. (AC +3, rC+) [Felid growth]
 22088 | D:13     | Reached XP level 12. HP: 50/50 MP: 24/24
 23188 | D:13     | Noticed a four-headed hydra
 23196 | D:13     | Killed a four-headed hydra
 24708 | D:11     | Killed a two-headed ogre
 25304 | D:11     | Killed a two-headed ogre
 25304 | D:11     | Reached skill level 12 in Hexes
 25579 | Orc:1    | Killed an ogre mage
 25623 | Orc:2    | Entered Level 2 of the Orcish Mines
 26119 | Orc:2    | Found a roughly hewn altar of Beogh.
 26608 | Orc:2    | Found a roughly hewn altar of Beogh.
 26922 | Orc:2    | Found a roughly hewn altar of Beogh.
 26987 | Orc:2    | Found a roughly hewn altar of Beogh.
 27246 | Orc:2    | Found Doggoal's Assorted Antiques.
 27258 | Orc:2    | Bought a scroll labeled SEKHLA IWEN for 37 gold pieces
 27314 | Orc:2    | Noticed a stone giant
 27645 | Orc:2    | Killed a stone giant
 27734 | Orc:2    | Found a staircase to the Elven Halls.
 27767 | Orc:2    | Found a roughly hewn altar of Beogh.
 27928 | Orc:2    | Noticed an orc warlord
 28991 | Orc:2    | Reached XP level 13. HP: 54/54 MP: 9/26
 30680 | Orc:2    | Slain by an orc warlord
 30681 | Orc:2    | Reached XP level 12. HP: 0/50 MP: 0/26
 30700 | Orc:2    | Found a roughly hewn altar of Beogh.
 30954 | Orc:2    | Found Zaggucs's Antique Armour Shop.
 30955 | Orc:2    | Found a roughly hewn altar of Beogh.
 31031 | Orc:2    | Killed an orc warlord
 31031 | Orc:2    | Reached skill level 5 in Evocations
 31110 | Orc:2    | Found Bainabox's Antique Weapon Boutique.
 31260 | Orc:2    | Found Detapoob's Gadget Shop.
 31446 | Orc:1    | Noticed a two-headed ogre
 31455 | Orc:1    | Killed a two-headed ogre
 32348 | Orc:1    | Found Gunenoat's General Store.
 32604 | Orc:2    | Learned a level 3 spell: Ozocubu's Armour
 33436 | Lair:1   | Noticed a seven-headed hydra
 33590 | Lair:2   | Reached skill level 13 in Hexes
 33887 | Lair:2   | Reached skill level 1 in Charms
 34594 | Lair:3   | Noticed a four-headed hydra
 34860 | Lair:3   | Noticed Rupert
 34864 | Lair:3   | Paralysed by Rupert for 4 turns
 35327 | Lair:2   | Killed a four-headed hydra
 35327 | Lair:2   | Reached skill level 5 in Conjurations
 35411 | Lair:2   | Noticed a six-headed hydra
 35485 | Lair:2   | Killed a six-headed hydra
 35598 | Lair:3   | Noticed Snorg
 35981 | Lair:3   | Noticed Sonja
 35986 | Lair:3   | Found a staircase to the Snake Pit.
 36386 | Lair:3   | Killed Sonja
 36427 | Lair:3   | Noticed a merfolk aquamancer
 36447 | Lair:3   | Found a staircase to the Shoals.
 36772 | Lair:3   | Killed Snorg
 37116 | Lair:2   | Reached XP level 13. HP: 54/54 MP: 18/27
 38705 | Lair:3   | Reached skill level 10 in Spellcasting
 39225 | Lair:4   | Noticed Josephine
 39948 | Lair:4   | Killed Josephine
 40854 | Lair:5   | Reached skill level 14 in Hexes
 43722 | Lair:6   | Entered Level 6 of the Lair of Beasts
 44125 | Lair:6   | Reached XP level 14. HP: 57/57 MP: 26/29
 44372 | Lair:6   | Found a staircase to the Slime Pits.
 44544 | Lair:6   | Found a bloodstained altar of Trog.
 47577 | Lair:6   | Found a runed door.
 48340 | Lair:6   | Reached skill level 5 in Fighting
 49301 | Lair:6   | Reached skill level 15 in Hexes
 49829 | Lair:6   | Reached skill level 5 in Charms
 54648 | Lair:1   | Identified a scroll of acquirement
 54648 | Lair:1   | Identified the Compendium of the Toxic Escort (You acquired it on level 1 of the Lair of Beasts)
 54665 | Lair:1   | Learned a level 3 spell: Dazzling Spray
 54875 | D:14     | Reached XP level 15. HP: 61/61 MP: 31/31
 54962 | D:14     | Found a frozen archway.
 55045 | IceCv    | Entered an ice cave
 55234 | IceCv    | Learned a level 4 spell: Summon Ice Beast
 56333 | IceCv    | Found an ancient bone altar of Kikubaaqudgha.
 58075 | D:14     | Found a gate to the Vaults.
 60553 | D:15     | Entered Level 15 of the Dungeon
 60843 | D:15     | Reached skill level 16 in Hexes
 60905 | D:15     | Found a staircase to the Depths.
 63503 | D:15     | Reached skill level 10 in Ice Magic
 64633 | D:14     | Reached XP level 16. HP: 47/65 MP: 20/32
 68478 | Lair:3   | Killed Rupert
 68536 | Shoals:1 | Entered Level 1 of the Shoals
 75369 | Shoals:1 | Reached skill level 15 in Stealth
 77783 | Shoals:1 | Reached skill level 17 in Hexes
 78621 | Snake:1  | Entered Level 1 of the Snake Pit
 79943 | Snake:1  | Noticed Aizul
 80507 | Snake:1  | Noticed Roxanne
 80607 | Snake:1  | Found Fonkymnarph's Food Shoppe.
 80817 | Snake:1  | Found Mekk's Antique Weapon Shop.
 80822 | Snake:1  | Found Mocwim's Book Emporium.
 80848 | Snake:1  | Bought a book of Minor Magic for 240 gold pieces
 80853 | Snake:1  | Learned a level 2 spell: Blink
 80880 | Snake:1  | Reached skill level 1 in Translocations
 81291 | Snake:1  | Noticed Frances
 81376 | Snake:1  | HP: 1/67 [black mamba (12)]
 81377 | Snake:1  | Slain by a black mamba
 81378 | Snake:1  | Reached XP level 15. HP: -2/63 MP: 0/32
 81465 | Lair:3   | HP: 1/63 [black mamba (14)]
 81465 | Lair:3   | Slain by an anaconda
 81466 | Lair:3   | Reached XP level 14. HP: -2/60 MP: 0/31
 81534 | Lair:3   | HP: 3/60 [naga mage/splash of poison (8)]
 81534 | Lair:3   | Slain by a naga mage

Skill      XL: |  1  2  3  4  5  6  7  8  9 10 11 12 13 14 15 16 |
---------------+-------------------------------------------------+-----
Stealth        | 1 2 3 5 6 7 8 9 10 11 12 13 14 15 | 15.1
Unarmed Combat | 5 6 8 10 11 12 13 | 13.5
Dodging        | 5 6 7 8 9 |  9.4
Fighting       | 4 5 6 |  6.4
Hexes          | 5 8 9 11 13 14 15 16 17 | 17.0
Spellcasting   | 3 5 6 7 8 10 11 12 | 12.6
Ice Magic      | 2 3 5 6 8 10 11 | 11.1
Conjurations   | 2 5 6 7 8 |  8.0
Evocations     | 3 5 6 7 8 |  8.9
Charms         | 1 3 5 7 8 |  8.1
Translocations | 2 |  2.4
Summonings     | |  0.6

Action                   |  1- 3 |  4- 6 |  7- 9 | 10-12 | 13-15 | 16-18 || total
-------------------------+-------+-------+-------+-------+-------+-------++-------
Melee: Unarmed           |   105 |   211 |   491 |   681 |  1167 |   258 ||  2913
       Bite              |    11 |    19 |    53 |    55 |   113 |    27 ||   278
       Punch             |     3 |     5 |    16 |    26 |    66 |    20 ||   136
 Cast: Confuse           |       |       |    39 |    54 |   195 |    62 ||   350
       Corona            |       |       |    24 |    19 |    74 |    43 ||   160
       Ensorcelled Hiber |       |       |    42 |   315 |   567 |   196 ||  1120
       Throw Icicle      |       |       |       |    59 |    94 |   121 ||   274
       Ozocubu's Armour  |       |       |       |     4 |    23 |     6 ||    33
       Dazzling Spray    |       |       |       |       |    19 |     3 ||    22
       Summon Ice Beast  |       |       |       |       |     2 |     5 ||     7
Evoke: Wand              |       |       |       |       |       |    11 ||    11
  Use: Scroll            |       |     9 |     3 |    13 |     8 |    16 ||    49
       Potion            |       |     1 |     2 |     3 |     3 |     3 ||    12
 Stab: Sleeping          |     5 |     6 |    35 |   125 |   199 |    57 ||   427
       Distracted        |       |     2 |       |     7 |     4 |     1 ||    14
       Confused          |       |       |     8 |    14 |    75 |    26 ||   123
       Invisible         |       |       |       |       |     1 |       ||     1
  Eat: Chunk             |       |     6 |    26 |    47 |    57 |    36 ||   172
       Royal jelly       |       |     1 |     3 |       |     1 |       ||     5
       Meat ration       |       |       |       |       |     1 |       ||     1
Armor: Skin              |     5 |     5 |    16 |    20 |    95 |    14 ||   155
Dodge: Dodged            |    97 |   135 |   444 |   748 |  1109 |   306 ||  2839
